 Dungeon Crawl Stone Soup version 0.29-a0-275-g389c0b56f3 (webtiles) character file.

Game seed: 1878825161545015740

270 spaghetti the Shield-Bearer (level 6, -8/63 HPs)
             Began as an Octopode Fighter on Mar 10, 2022.
             Was a Follower of the Shining One.
             Mangled by a killer bee (9 damage)
             ... on level 4 of the Dungeon.
             The game lasted 00:03:41 (3489 turns).

spaghetti the Shield-Bearer (Octopode Fighter)      Turns: 3489, Time: 00:03:42

Health: -8/63      AC:  1    Str: 16    XL:     6   Next: 22%
Magic:  15/15      EV: 13    Int: 10    God:    the Shining One [*.....]
Gold:   147        SH:  5    Dex: 13    Spells: 5/5 levels left

rFire   . . .      SeeInvis .   a - +0 long sword {long}
rCold   . . .      Faith    .   b - +0 buckler
rNeg    . . .      Spirit   .   (helmet restricted)
rPois   .          Reflect  .   (no amulet)
rElec   .          Harm     .   l - ring of magical power
rCorr   .          Rampage  .   m - ring of wizardry
Will    .....                   (no ring)
Stlth   ..........              (no ring)
HPRegen 0.20/turn               (no ring)
MPRegen 0.14/turn               (no ring)
                                (no ring)
                                (no ring)

@: berserking, lethally poisoned (-8 -> -15), attractive, glowing, very quick
A: almost no armour, amphibious, 8 rings, camouflage 1, gelatinous body 1,
(nimble swimmer 1), tentacles
a: Renounce Religion, Divine Shield


You were on level 4 of the Dungeon.
You worshipped the Shining One.
The Shining One was aware of your devotion.
You visited 1 branch of the dungeon, and saw 4 of its levels.

You collected 147 gold pieces.


Innate Abilities, Weirdness & Mutations

You cannot wear most types of armour.
You are amphibious.
You can wear up to eight rings at the same time.
Your skin changes colour to match your surroundings (Stealth+).
Your rubbery body absorbs attacks. (AC +1, EV +1)
((You are camouflaged when in or above water. (Stealth+)))
You have tentacles for arms and can constrict up to eight enemies at once.


   Skills:
 - Level 3.0 Fighting
 - Level 2.0 Long Blades
 - Level 3.0 Dodging
 + Level 6.8 Shields


You had 5 spell levels left.
You didn't know any spells.
Your spell library contained the following spells:

 Spells                   Type           Power      Damage    Failure   Level
 Animate Skeleton         Necr           0%         N/A       19%         1
 Apportation              Tloc           0%         N/A       19%         1
 Summon Small Mammal      Summ           0%         N/A       19%         1
 Gell's Gravitas          Tloc           0%         N/A       47%         3
 Teleport Other           Tloc           0%         N/A       47%         3
 Dispersal                Tloc           0%         N/A       100%        6

Inventory:

Hand Weapons
 a - a +0 long sword (weapon) {long}
Missiles
 j - 175 stones (quivered) {throwing}
Armour
 b - a +0 buckler (worn)
Jewellery
 l - a ring of magical power (left tentacle)
   (You found it on level 1 of the Dungeon)
 m - a ring of wizardry (right tentacle)
   (You found it on level 4 of the Dungeon)
Wands
 c - a wand of polymorph (3)
   (You found it on level 3 of the Dungeon)
Scrolls
 d - a scroll of identify {@r1}
 e - a scroll of noise {!r}
 f - 3 scrolls of immolation {!r!r}
 i - a scroll of vulnerability {!r!r}
 k - 2 scrolls of teleportation {@r4}
Potions
 n - 2 potions of mutation {unknown}

Dungeon Overview and Level Annotations

Branches:
Dungeon (4/15)
 Temple: D:4-7

Altars:
The Shining One

Shops:
D:3

* ...# #. #. ...# ..
.. ##...# .# #. #....#
.# #.. #.... .#
###..###..#
.########......y).#
.)...........#..@.#
.)...)....#....#######
.)#####.######....#..
.## #.# ##...#.# .#
#.# ##..#.# .######.##
#....#
.....#...#######.####
####.............#
###...#######.#


You could see a killer bee.


Message History

You hit the quokka. You constrict the quokka.
You kill the quokka!
You start resting. 😎 HP[+21]
Your hp is fully restored (36).
j - 175 stones {throwing} (gained 19)
Things that are here:
a +0 dagger {short}; a +0 ring mail; an orc corpse
Things that are here:
a +0 hand axe {axe}; a +0 club {mace}; an orc corpse
j - 176 stones {throwing} (gained 1)
Things that are here:
a +0 dagger {short}; a +0 ring mail; an orc corpse
Things that are here:
a +0 club {mace}; an orc corpse A scorpion comes into view.
A scorpion is nearby!
You throw a stone {throwing}.
The stone {throwing} hits the scorpion but does no damage.
You throw a stone {throwing}. The stone {throwing} hits the scorpion.
You throw a stone {throwing}.
The stone {throwing} hits the scorpion but does no damage.
You throw a stone {throwing}.
The stone {throwing} hits the scorpion but does no damage.
You slash the scorpion! Your grab misses the scorpion.
You block the scorpion's attack.
You slash the scorpion!
You kill the scorpion!
You have reached level 6! 😎 HP[+6] MP[+1]
You now have 42 max hp (+6).
Your hp is fully restored (42).
Your mp is fully restored (15).
j - 173 stones {throwing} (gained 1)
j - 174 stones {throwing} (gained 1)
j - 175 stones {throwing} (gained 1)
A dart slug comes into view.
A dart slug is nearby!
A dart slug is nearby!
A dart slug is nearby!
You hit the dart slug. You grab the dart slug. You constrict the dart slug.
You kill the dart slug!
A kobold and a hobgoblin come into view.
The kobold shouts!
The hobgoblin shouts!
You hear an angry buzzing noise.
There are monsters nearby!
There are monsters nearby!
The hobgoblin hits you.
A killer bee comes into view. 😕 HP[-2]
You take 2 damage, and now have 40/42 hp.
The killer bee buzzes angrily.
You hit the hobgoblin. You grab the hobgoblin. You squeeze the hobgoblin.
You constrict the hobgoblin.
You kill the hobgoblin!
You hear an angry buzzing noise.
The kobold hits you with a +0 club. 😕 HP[-4]
You take 4 damage, and now have 36/42 hp.
The killer bee barely misses you. You block the killer bee's attack.
You block the kobold's attack.
You see here a hobgoblin corpse.
You slash the kobold!
You kill the kobold!
The killer bee stings you!
You are poisoned.
The killer bee poisons you! The killer bee barely misses you.
The killer bee stings you!
* * * LOW HITPOINT WARNING * * *
😨 HP[-15]
You take 15 damage, and now have 21/42 hp.
MASSIVE DAMAGE!! (PAUSE) Unknown command.
It was a potion of attraction.
You feel attractive to monsters.
You feel sick. The killer bee stings you!
* * * LOW HITPOINT WARNING * * *
You block the killer bee's attack. 😱 HP[-11]
You take 11 damage, and now have 10/42 hp.
MASSIVE DAMAGE!! (PAUSE) It was a potion of berserk rage.
A red film seems to cover your vision as you go berserk!
You feel yourself moving faster!
You feel mighty!
You feel sick. The killer bee stings you!
* * * LOW HITPOINT WARNING * * *
You are more poisoned.
The killer bee poisons you!
The killer bee barely misses you. 😱 HP[-6]
You now have 63 max hp (+21).
You are too berserk!
Unknown command.
You barely miss the killer bee. Your grab misses the killer bee.
* * * LOW HITPOINT WARNING * * *
You feel sick. The killer bee closely misses you.
The killer bee completely misses you. 😱 HP[-2]
You take 2 damage, and now have 2/63 hp.
You closely miss the killer bee. Your grab misses the killer bee.
* * * LOW HITPOINT WARNING * * *
You feel sick. The killer bee stings you!
You die...

Skill      XL: |  1  2  3  4  5 |
---------------+----------------+-----
Shields        | 4 5 6 |  6.8
Fighting       | |  3.0
Long Blades    | |  2.0
Dodging        | |  3.0

Action                   |  1- 3 |  4- 6 || total
-------------------------+-------+-------++-------
Melee: Long sword        |    50 |    57 ||   107
       Tentacles         |     6 |    15 ||    21
       Constrict         |    16 |    19 ||    35
Throw: Stone             |    25 |    32 ||    57
  Use: Scroll            |     2 |     3 ||     5
       Potion            |       |     4 ||     4
Armor: Skin              |     4 |     1 ||     5
Dodge: Dodged            |    25 |    32 ||    57
Block: Buckler           |     9 |    19 ||    28

Levels and vault maps discovered:
D:1:      doesnt_arrival_eight_statues, layout_basic,
          chequers_ecumenical_altar_island
D:2:      layout_loops_ring, kennysheep_minor_cross
D:3:      layout_basic, serial_shops, nicolae_shop_advertising_works
          [nicolae_subvault_shop_adworks], minmay_misc_feat_chi,
          dk_noncrumbling_4
D:4:      layout_loops_ring, minmay_fire_ice_demons

Notes
Turn   | Place    | Note
-------+----------+-------------------------------------------
     0 | D:1      | spaghetti the Octopode Fighter began the quest for the Orb.
     0 | D:1      | Reached XP level 1. HP: 16/16 MP: 1/1
     0 | D:1      | magus.rc [v1.9.6]
     6 | D:1      | Found a faded altar of an unknown god.
    17 | D:1      | Prayed at the altar of an unknown god.
    17 | D:1      | Became a worshipper of the Shining One
    17 | D:1      | Reached * piety under the Shining One
   150 | D:1      | Reached XP level 2. HP: 21/21 MP: 2/2
   529 | D:1      | Reached skill level 4 in Shields
   649 | D:1      | Reached XP level 3. HP: 25/26 MP: 3/3
  1467 | D:2      | Reached XP level 4. HP: 31/31 MP: 4/4
  1835 | D:2      | Reached skill level 5 in Shields
  2056 | D:3      | You pick up a book of Cantrips and begin reading...
  2056 | D:3      | You add the spells Animate Skeleton, Summon Small Mammal
                  | and Apportation to your library.
  2203 | D:3      | Reached ** piety under the Shining One
  2213 | D:3      | Reached XP level 5. HP: 20/36 MP: 5/5
  2701 | D:3      | Found Zecaice's Assorted Antiques.
  3128 | D:4      | Reached skill level 6 in Shields
  3222 | D:4      | You add the spells Gell's Gravitas, Teleport Other and
                  | Dispersal to your library.
  3442 | D:4      | Reached XP level 6. HP: 42/42 MP: 6/6
  3486 | D:4      | HP: 10/42 [killer bee (9)]
  3487 | D:4      | HP: 4/63 [killer bee (9)]
  3489 | D:4      | HP: 1/63 [poisoned by a killer bee]
  3489 | D:4      | Mangled by a killer bee

Vanquished Creatures
  2 scorpions (D:4)
  An orc wizard (D:3)
  5 adders
  A worm (D:2)
  A dart slug (D:4)
  8 orcs
  4 endoplasms
  3 giant cockroaches
  7 goblins
  4 hobgoblins
  7 jackals
  7 kobolds
  5 quokkas
  3 ball pythons
  4 bats
  3 frilled lizards
  2 rats (D:1)
67 creatures vanquished.

Table legend:
 A = Non-vault XP
 B = Vault XP
 C = Vault XP percentage of total XP
 D = Non-vault monster count
 E = Vault monster count
 F = Vault count percentage of total count
                 A         B        C        D         E       F
            +---------+---------+-------+---------+---------+-------
      Total |     386 |       0 |   0.0 |      67 |       0 |   0.0
            +---------+---------+-------+---------+---------+-------
        D:1 |      46 |       0 |   0.0 |      26 |       0 |   0.0
        D:2 |      77 |       0 |   0.0 |      16 |       0 |   0.0
        D:3 |      75 |       0 |   0.0 |      15 |       0 |   0.0
        D:4 |     188 |       0 |   0.0 |      10 |       0 |   0.0
            +---------+---------+-------+---------+---------+-------

Illustrated notes

Table legend:
 A = Kills in this place as a percentage of kills in entire the game.
 B = Kills by you in this place as a percentage of kills by you in the entire game.
 C = Kills by friends in this place as a percentage of kills by friends in the entire game.
 D = Other kills in this place as a percentage of other kills in the entire game.
 E = Experience gained in this place as a percentage of experience gained in the entire game.
 F = Experience gained in this place divided by the number of levels of this place that you have seen.
                   A       B       C       D       E      F
               +-------+-------+-------+-------+-------+----------------------
         Total | 100.0 | 100.0 |   N/A |   N/A | 100.0 |  96.5
       Dungeon | 100.0 | 100.0 |   N/A |   N/A | 100.0 |  96.5
               +-------+-------+-------+-------+-------+----------------------

Table legend: (Time is in decaauts)
 A = Elapsed time spent in this place.
 B = Non-inter-level travel time spent in this place.
 C = Inter-level travel time spent in this place.
 D = Time resting spent in this place.
 E = Time spent auto-exploring this place.
 F = Levels seen in this place.
 G = Mean time per level.
                   A        B        C        D        E       F      G
               +--------+--------+--------+--------+--------+-----+--------+
         Total |   3530 |   3408 |    122 |    583 |   2391 |   4 |  882.5 |
       Dungeon |   3530 |   3408 |    122 |    583 |   2391 |   4 |  882.5 |
               +--------+--------+--------+--------+--------+-----+--------+

Top non-repeatable levels by time:
     D:1: 1234 daAuts
     D:3: 1084 daAuts
     D:2: 818 daAuts
     D:4: 393 daAuts
